 Dungeon Crawl Stone Soup version 0.30-b1-2-g02819fbbbe (webtiles) character file.

Game seed: 15664138469043539392

384 Flugkiller the Covered (level 6, -11/56 HPs)
             Began as a Minotaur Fighter on May 8, 2023.
             Killed by divine providence
             ... invoked by an orc priest
              (15 damage)
             ... on level 4 of the Dungeon.
             The game lasted 00:01:31 (2815 turns).

Flugkiller the Covered (Minotaur Fighter)           Turns: 2815, Time: 00:01:31

Health: -11/56     AC:  8    Str: 22    XL:     6   Next: 47%
Magic:  5/5        EV:  9    Int:  5    God:
Gold:   297        SH:  4    Dex: 10    Spells: 5/5 levels left

rFire   . . .        a - +0 war axe
rCold   . . .        c - +0 buckler
rNeg    . . .        b - +0 scale mail
rPois   .            (helmet restricted)
rElec   .            (no cloak)
rCorr   .            f - +0 pair of gloves
SInv    .            (no boots)
Will    .....        (no amulet) Stlth
                     (no ring)
HPRegen 0.29/turn    (no ring)
MPRegen 0.09/turn

%: no passive effects
@: studying Polearms
A: horns 2, retaliatory headbutt
a: no special abilities


You were on level 4 of the Dungeon.
You visited 1 branch of the dungeon, and saw 4 of its levels.

You collected 297 gold pieces.

Inventory:

Hand Weapons
 a - a +0 war axe (weapon)
Missiles
 q - a throwing net (quivered)
Armour
 b - a +0 scale mail (worn)
 c - a +0 buckler (worn)
 f - a +0 pair of gloves (worn)
   (You found it on level 1 of the Dungeon)
Scrolls
 e - 3 scrolls of identify {unknown}
 h - a scroll of amnesia {unknown}
 m - 2 scrolls of teleportation {unknown}
 n - a scroll of brand weapon {unknown}
 p - a scroll of summoning {unknown}
Potions
 d - 2 potions of might
 g - 2 potions of lignification {unknown}
 i - 3 potions of haste {unknown}
 j - 3 potions of berserk rage {unknown}
 k - a potion of heal wounds {unknown}
 l - 2 potions of brilliance {unknown}
 o - a potion of flight {unknown}


   Skills:
 * Level 5.5 Fighting
 * Level 5.0 Axes
 * Level 5.6 Armour
 + Level 4.7 Shields


You had 5 spell levels left.
You didn't know any spells.
Your spell library was empty.

Dungeon Overview and Level Annotations

Branches:
Dungeon (4/15)
 Temple: D:4-7

Altars:
Trog
Uskayaw
Yredelemnul


Innate Abilities, Weirdness & Mutations

You have a pair of horns on your head.
You reflexively headbutt those who attack you in melee.


Message History

You hit the gnoll but do no damage. The gnoll hits you but does no damage.
The gnoll bouda gazes fiercely through you!
You feel as though you will be weak longer.
The gnoll bouda closely misses you. You furiously retaliate!
You headbutt the gnoll bouda!
You kill the gnoll bouda!
You hit the gnoll but do no damage. You headbutt the gnoll.
You kill the gnoll!
No target in view!
You see here a +0 spear.
No target in view!
No target in view!
Your attacks no longer feel as feeble.
HP restored.
p - a scroll labelled TIQIAW WEMUWN You see here a +0 spear.
Items here: )) [ ÷.
Items here: ) / [ ÷.
Things that are here:
a +0 dagger; a +0 club; a gnoll skeleton
There is a stone staircase leading up here.
You see here a +0 halberd.
Things that are here:
a +0 leather armour; a +0 heavy hand axe
q - a throwing net
There is a stone staircase leading down here.
Found 3 javelins.
A goblin comes into view.
It is wielding a +0 club and carrying a wand of paralysis (10).
Found a club.
The goblin moves out of view.
No target in view!
No target in view!
No target in view!
No target in view!
No target in view!
No target in view!
A goblin is nearby!
A goblin is nearby!
An orc wizard and an iguana come into view.
The orc wizard shouts!
The iguana hisses angrily.
You hear a shout! x2
The orc wizard points at you and mumbles some strange words.
You resist with some effort.
The goblin zaps a wand.
You resist with some effort.
The orc wizard gestures at you while chanting.
You resist with some effort.
You see here a +0 club.
The goblin hits you but does no damage.
You barely miss the goblin. You block the goblin's attack.
The goblin hits you but does no damage.
An orc priest comes into view. It is wielding a +0 club.
The iguana bites you.
You closely miss the iguana. Your headbutt misses the iguana.
You barely miss the goblin. The goblin barely misses you.
The iguana closely misses you.
You barely miss the orc wizard. You barely miss the iguana. You hit the goblin.
The goblin zaps a wand.
You suddenly lose the ability to move!
The iguana bites you.
An orc comes into view. It is wielding a +0 flail.
The orc wizard hits you but does no damage.
The goblin hits you but does no damage. The iguana bites you!
The orc priest begins to cast a cantrip, but forgets the words!
The orc wizard hits you but does no damage.
The goblin hits you but does no damage. The iguana bites you!
The orc priest miscasts a cantrip.
You can move again.
The goblin zaps a wand.
You resist with some effort. The iguana barely misses you.
The orc priest hits you but does no damage.
The orc wizard gestures at you while chanting.
The magic dart hits you!
You are too injured to fight recklessly!
You barely miss the orc priest. Your headbutt misses the orc priest.
You barely miss the goblin. You closely miss the orc wizard.
You hit the iguana but do no damage. The goblin hits you but does no damage.
The iguana bites you but does no damage.
The orc priest hits you with a +0 club. The orc wizard barely misses you.
You are too injured to fight recklessly!
You are too injured to fight recklessly!
You hit the orc priest.
The orc priest is lightly wounded.
You slash the iguana! You miss the goblin. You miss the orc wizard.
The goblin hits you but does no damage. The orc priest hits you with a +0 club.
* * * LOW HITPOINT WARNING * * *
The iguana bites you!
* * * LOW HITPOINT WARNING * * *
The orc wizard hits you but does no damage.
The goblin barely misses you. You furiously retaliate!
You headbutt the goblin.
You kill the goblin!
The iguana closely misses you. You furiously retaliate!
You headbutt the iguana.
You kill the iguana!
The orc wizard hits you but does no damage.
The orc priest hits you but does no damage.
Your Axes skill increases to level 5!
You slash the orc priest!
The orc priest is severely wounded.
You hit the orc wizard but do no damage.
You closely miss the orc.
The orc priest mumbles some strange prayers to Beogh against you.
Beogh smites you!
You die...

.. ######## .#
.......# ####.#
######.#######.....#
#.........#....#
##########.#.#.#####
######)........
#......o.†......
#..####.@o......
##o#.#.... .........
##.#.###.# #.#.# ...
# #.# ...


You could see an orc priest, an orc wizard and an orc.

Vanquished Creatures
  An orc priest (D:3)
  A gnoll bouda (D:4)
  3 iguanas
  Ijyb (D:4)
  Natasha (thrice) (D:2)
  5 gnolls
  An adder (D:3)
  3 dart slugs
  8 orcs
  6 bats
  7 endoplasms
  2 giant cockroaches
  3 hobgoblins
  6 jackals (D:2)
  9 kobolds
  2 quokkas
  11 ball pythons
  2 frilled lizards
  7 goblins
  7 rats
88 creatures vanquished.

Notes
Turn   | Place    | Note
-------+----------+-------------------------------------------
     0 | D:1      | Flugkiller the Minotaur Fighter began the quest for the
                  | Orb.
     0 | D:1      | Reached XP level 1. HP: 19/19 MP: 0/0
   170 | D:1      | Reached XP level 2. HP: 27/27 MP: 1/1
   496 | D:1      | Reached XP level 3. HP: 33/33 MP: 2/2
   646 | D:2      | Noticed Natasha
   656 | D:2      | Killed Natasha
   739 | D:2      | Noticed Natasha
   752 | D:2      | Killed Natasha
   753 | D:2      | Reached XP level 4. HP: 23/41 MP: 3/3
   765 | D:2      | Noticed Natasha
   770 | D:2      | Killed Natasha
  1394 | D:3      | Found a basalt altar of Yredelemnul.
  1414 | D:3      | Reached XP level 5. HP: 17/47 MP: 4/4
  1906 | D:3      | Found a faded altar of an unknown god.
  2100 | D:3      | Found a hide-covered altar of Uskayaw.
  2158 | D:3      | Found a bloodstained altar of Trog.
  2161 | D:3      | Reached skill level 5 in Fighting
  2161 | D:3      | Reached skill level 5 in Armour
  2339 | D:4      | Noticed Ijyb
  2500 | D:4      | Killed Ijyb
  2501 | D:4      | Reached XP level 6. HP: 21/56 MP: 5/5
  2506 | D:3      | HP: 1/56 [iguana (5)]
  2809 | D:4      | Paralysed by a goblin for 3 turns
  2815 | D:4      | Reached skill level 5 in Axes
  2815 | D:4      | Killed from afar by an orc priest

Illustrated notes

Levels and vault maps discovered:
D:1:      dpeg_arrival_solitude, layout_loops_ring
D:2:      layout_loops_ring, uniq_natasha
D:3:      layout_loops_ring, amcnicky_altar_gilded, trog_antimagical,
          mainiacjoe_overflow_six_doors_small, chequers_ecumenical_altar_island,
          chequers_jeans
D:4:      layout_loops_ring, kennysheep_orc_sif_temple,
          minmay_temple_entry_metal_lava, uniq_ijyb

Skill      XL: |  1  2  3  4  5  6 |
---------------+-------------------+-----
Fighting       | 4 5 |  5.5
Axes           | 3 4 5 |  5.0
Armour         | 4 5 |  5.6
Shields        | 4 |  4.7

Action                     |  1- 3 |  4- 6 || total
---------------------------+-------+-------++-------
  Melee: War axe           |    69 |   134 ||   203
         Headbutt          |    11 |    14 ||    25
    Use: Potion            |       |     1 ||     1
 Armour: Scale mail        |    36 |    76 ||   112
         Skin              |       |    44 ||    44
  Dodge: Dodged            |    38 |    75 ||   113
  Block: Buckler           |    18 |    45 ||    63
